 Dungeon Crawl Stone Soup version 0.23.2-1-ga50397a (webtiles) character file.

Game seed: 3063427835390770543

131 xveg the Slinger (level 5, -6/35 HPs)
             Began as a Halfling Hunter on May 15, 2019.
             Was a Follower of Uskayaw.
             Killed from afar by an orc wizard (8 damage)
             ... with a magic dart
             ... on level 4 of the Dungeon on May 16, 2019.
             The game lasted 00:02:51 (1609 turns).

xveg the Slinger (Halfling Hunter)                  Turns: 1609, Time: 00:02:52

Health: -6/35      AC:  3    Str: 14    XL:     5   Next: 37%
Magic:  5/5        EV: 15    Int:  9    God:    Uskayaw [*.....]
Gold:   77         SH:  0    Dex: 15    Spells: 4/4 levels left

rFire    . . .     SeeInvis .   a - +1 hunting sling
rCold    . . .     Gourm    .   (shield restricted)
rNeg     . . .     Faith    .   c - +0 leather armour
rPois    .         Spirit   .   (no helmet)
rElec    .         Reflect  .   (no cloak)
rCorr    .         Harm     .   (no gloves)
MR       .....                  (no boots)
Stlth    ++........             (no amulet)
HPRegen  0.11/turn              (no ring)
MPRegen  0.09/turn              (no ring)

@: no status effects
A: small, mutation resistance 1
a: Stomp, Renounce Religion


You were on level 4 of the Dungeon.
You worshipped Uskayaw.
Uskayaw was noncommittal.
You were near starving.

You visited 1 branch of the dungeon, and saw 4 of its levels.

You collected 77 gold pieces.

Inventory:

Hand Weapons
 a - a +1 hunting sling (weapon)
 b - a +0 short sword
Missiles
 h - 47 stones (quivered)
Armour
 c - a +0 leather armour (worn)
Wands
 v - a wand of disintegration (8)
Scrolls
 e - 3 scrolls of identify {unknown}
 g - a scroll of remove curse {unknown}
 i - a scroll of teleportation {unknown}
 m - 2 scrolls of amnesia {unknown}
 n - a scroll of fear {unknown}
 q - a scroll of blinking {unknown}
 t - a scroll of immolation {unknown}
Potions
 j - a potion of berserk rage {unknown}
 k - a potion of degeneration {unknown}
 l - a potion of brilliance {unknown}
 o - a potion of heal wounds {unknown}
 p - a potion of might {unknown}
 s - a potion of lignification {unknown}
 u - a potion of haste {unknown}
Comestibles
 f - 4 rations


   Skills:
 + Level 2.3 Fighting
 + Level 8.4 Slings
 + Level 0.5 Armour
 + Level 2.5 Dodging
 + Level 1.3 Stealth


You had 4 spell levels left.
You didn't know any spells.
Your spell library was empty.

Dungeon Overview and Level Annotations

Branches:
Dungeon (4/15)
 Temple: D:4-7

Altars:
Elyvilon
Uskayaw


Innate Abilities, Weirdness & Mutations

You are small and have problems with some larger weapons.
You are somewhat resistant to further mutation.


Message History

* * * LOW HITPOINT WARNING * * *
Firing (i - inventory)
h - 51 stones (quivered)
Press: ? - help, Shift-Dir - straight line You shoot a stone.
Something hits you but does no damage.
Firing (i - inventory)
h - 50 stones (quivered)
Press: ? - help, Shift-Dir - straight line You shoot a stone.
Firing (i - inventory)
h - 49 stones (quivered)
Press: ? - help, Shift-Dir - straight line You shoot a stone.
Something hits you.
* * * LOW HITPOINT WARNING * * *
Firing (i - inventory)
h - 48 stones (quivered)
Press: ? - help, Shift-Dir - straight line You shoot a stone.
Something hits you.
* * * LOW HITPOINT WARNING * * *
It was a potion of magic.
Magic courses through your body.
You hear some strange, mumbled words.
A magic dart appears from out of thin air!
The magic dart hits you!
You die...

.. ... #. ...
.###.. ..
...... ..
......# .##
....... ..#
.......#..#..#
(.....{@.....#
.....#....##...
... .....<... .
..#..........
... ...#.......
#. .#.. .#.....
# ..#.. .......
## #.. .#....#


There were no monsters in sight!

Vanquished Creatures
  Jessica (D:2)
  5 adders (D:2)
  An ooze (D:1)
  A dart slug (D:1)
  A leopard gecko (D:1)
  6 orcs
  A giant cockroach (D:3)
  5 goblins
  2 hobgoblins
  6 jackals
  A quokka (D:3)
  A ball python (D:1)
  6 bats
  8 kobolds
  5 rats
50 creatures vanquished.

Notes
Turn   | Place    | Note
-------+----------+-------------------------------------------
     0 | D:1      | xveg the Halfling Hunter began the quest for the Orb.
     0 | D:1      | Reached XP level 1. HP: 14/14 MP: 1/1
    11 | D:1      | Reached skill level 6 in Slings
    28 | D:1      | Reached XP level 2. HP: 19/19 MP: 2/2
   282 | D:1      | Reached XP level 3. HP: 24/24 MP: 3/3
   373 | D:1      | Reached skill level 7 in Slings
   638 | D:2      | Noticed Jessica
   645 | D:2      | Killed Jessica
   645 | D:2      | Reached XP level 4. HP: 11/29 MP: 4/4
   989 | D:2      | Reached skill level 8 in Slings
  1077 | D:2      | Reached XP level 5. HP: 32/34 MP: 5/5
  1168 | D:2      | Found a white marble altar of Elyvilon.
  1176 | D:2      | Found a hide-covered altar of Uskayaw.
  1200 | D:2      | Became a worshipper of Uskayaw the Reveler
  1543 | D:3      | Reached * piety under Uskayaw
  1552 | D:3      | Reached ** piety under Uskayaw
  1573 | D:3      | Reached *** piety under Uskayaw
  1608 | D:4      | HP: 1/35 [something (3)]
  1609 | D:4      | Killed from afar by an orc wizard

Skill      XL: |  1  2  3  4 |
---------------+-------------+-----
Slings         | 6 7 8 |  8.4
Fighting       | 2 |  2.3
Armour         | |  0.5
Dodging        | |  2.5
Stealth        | |  1.3

Action                   |  1- 3 |  4- 6 || total
-------------------------+-------+-------++-------
Melee: Hunting sling     |       |     4 ||     4
 Fire: Hunting sling     |    68 |    90 ||   158
  Use: Potion            |       |     1 ||     1
Armor: Leather armour    |     5 |     8 ||    13
Dodge: Dodged            |    10 |    30 ||    40
